Map: Incorporeal LE

Players

jeannysu - Winner!

  • Race: Terran Terran
  • Spawn Location: 11:00

VOD

Have the link to the VOD?

Description

Time

  • Played on: Aug. 28, 2025, 8:57 a.m.
  • Length: 17:18
Show
View Real Time Build Order
Export as new Build Order

jeannysu Terran - Winner!

Build Orders:  

Get SALT Encoding   

  12  0:00  SCV  
  13  0:18  SCV  
  14  0:27  Supply Depot  
  14  0:35  SCV  
  15  0:55  Refinery  
  15  1:03  Barracks  
  15  1:06  SCV  
  16  1:23  SCV  
  17  1:48  SCV  
  18  2:06  Supply Depot  
  18  2:08  Orbital Command  
  19  2:22  Reaper  
  19  2:31  Command Center  
  19  2:44  SCV  
  20  2:54  Factory  
  20  3:11  SCV  
  20  3:15  Refinery  
  21  3:35  SCV  
  21  3:37  Barracks Tech Lab  
  22  3:46  Supply Depot  
  22  3:51  SCV  
  23  4:06  Unknown  
  23  4:08  SCV  
  24  4:16  SCV  
  25  4:25  SCV  
  25  4:27  Marine  
  27  4:33  SCV  
  28  4:42  SCV  
  29  4:50  SCV  
  29  4:52  Marine  
  29  4:59  SCV  
  32  5:12  Stimpack  
  32  5:14  Orbital Command  
  32  5:16  SCV  
  32  5:17  Marine  
  33  5:20  Refinery  
  33  5:24  Factory Tech Lab  
  33  5:33  SCV  
  33  5:35  Starport, Engineering Bay  
  34  5:42  Marine  
  35  5:50  SCV  
  35  5:54  Refinery  
  36  6:00  SCV  
  36  6:07  Marine, SCV  
  36  6:08  Siege Tank  
  42  6:17  SCV  
  43  6:24  SCV  
  43  6:26  Supply Depot  
  44  6:32  Marine  
  44  6:34  SCV  
  46  6:41  Engineering Bay, SCV  
  46  6:44  Terran Infantry Weapons Level 1  
  46  6:48  Starport Reactor  
  47  7:03  Barracks  
  47  7:11  Barracks  
  47  7:18  SCV x2  
  49  7:31  Supply Depot  
  49  7:35  SCV x2  
  49  7:38  Armory  
  51  7:43  Terran Infantry Armor Level 1  
  51  7:44  Siege Tank  
  51  7:52  SCV x2  
  51  7:57  Marauder  
  55  8:01  Unknown, Medivac  
  55  8:04  Medivac  
  55  8:08  Supply Depot, SCV  
  55  8:09  SCV  
  61  8:18  Barracks Reactor  
  61  8:19  Barracks Tech Lab  
  61  8:25  SCV  
  61  8:26  SCV  
  63  8:39  Supply Depot  
  63  8:41  Siege Tank  
  63  8:42  SCV x2  
  63  8:43  Marauder  
  70  8:59  SCV x2  
  72  9:03  Command Center  
  72  9:10  Supply Depot  
  72  9:16  SCV x2  
  72  9:18  Marine  
  75  9:20  Marine  
  75  9:21  Marauder, Marine  
  75  9:26  Siege Tank  
  82  9:33  Ghost Academy, SCV x2  
  84  9:43  Marine  
  85  9:51  Marauder  
  87  10:04  Marine x2  
  87  10:08  Marauder, Medivac  
  93  10:11  Refinery  
  93  10:14  Refinery  
  93  10:17  Terran Infantry Weapons Level 2  
  93  10:20  Supply Depot  
  93  10:29  Marine  
  94  10:32  Terran Infantry Armor Level 2, Marine  
  94  10:33  Marauder, Siege Tank  
  94  10:35  Terran Vehicle Weapons Level 1  
  94  10:37  Marauder  
  102  10:42  Barracks  
  102  11:02  Ghost  
  102  11:07  Ghost  
  102  11:09  Supply Depot  
  108  11:42  Ghost  
  108  11:44  Starport Tech Lab  
  108  11:47  Supply Depot  
  111  11:50  Marine x2  
  111  11:56  Barracks Reactor  
  113  12:02  Planetary Fortress  
  113  12:04  Unknown  
  113  12:06  Siege Tank  
  113  12:07  Siege Tank  
  113  12:10  Marine  
  113  12:14  Siege Tank  
  113  12:15  Marine x2  
  114  12:22  Marine  
  98  12:35  Marauder  
  93  12:47  Marauder, Medivac  
  97  13:05  Marauder  
  99  13:13  Siege Tank  
  99  13:14  Siege Tank x2  
  99  13:16  Marine  
  99  13:17  Marauder, Marine x3  
  105  13:29  Medivac  
  107  13:35  Marine  
  108  13:41  Marine  
  108  13:42  Marine x3  
  108  13:47  Marine  
  105  14:00  Marine  
  105  14:06  Marine  
  105  14:07  Marine x3  
  110  14:11  Medivac  
  110  14:12  Marine  
  110  14:14  Siege Tank  
  116  14:25  Marine  
  115  14:31  Marine x2  
  115  14:32  Marine x2  
  115  14:37  Marine  
  120  14:50  Marine  
  120  14:54  Barracks, Siege Tank  
  120  14:55  Barracks, Siege Tank  
  120  14:56  Marine x2  
  120  14:57  Marine x2  
  120  14:59  Supply Depot, Siege Tank  
  130  15:02  Marine  
  131  15:13  Concussive Shells  
  131  15:15  Marine  
  130  15:21  Marine x3  
  130  15:22  SCV  
  130  15:23  SCV x2  
  130  15:27  Marauder  
  138  15:40  Marauder  
  138  15:43  SCV  
  138  15:44  SCV x2, Siege Tank  
  146  15:57  Marauder  
  97  16:00  SCV  
  149  16:15  Command Center  
  149  16:48  Supply Depot  
  149  16:52  Supply Depot  
  149  16:53  Supply Depot  
  149  16:56  Barracks Reactor x2  
Tags
 
Matchup
Co-op
Replay Pack
새 폴더
Add a new tag
Caveats
  • Supply blocks, unpowered buildings, or Contaminate may cause inaccurate times.
  • Supply counts are checked every 10 seconds.